 Dungeon Crawl Stone Soup version 0.27.0-1-g7a08968 (webtiles) character file.

Game seed: 14873164207886962002

379 Illumine the Stinger (level 6, -6/49 (51) HPs)
             Began as a Deep Dwarf Venom Mage on Aug 6, 2021.
             Mangled by a wight (15 damage)
             ... on level 5 of the Dungeon.
             The game lasted 00:09:25 (4401 turns).

Illumine the Stinger (Deep Dwarf Venom Mage)        Turns: 4401, Time: 00:09:26

HP:   -6/49 (51)    AC:  3    Str: 12    XL:     6   Next: 45%
MP:   8/8           EV: 12    Int: 17    God:
Gold: 115           SH:  0    Dex: 13    Spells: 5/11 levels left

rFire    . . .     SeeInvis .   q - +2 hand axe (elec)
rCold    . . .     Faith    .   (no shield)
rNeg     . . .     Spirit   .   a - +0 robe
rPois    .         Reflect  .   (no helmet)
rElec    .         Harm     .   s - +0 cloak
rCorr    +         Rampage  .   (no gloves)
Will     .....                  (no boots)
Stlth    ++........             (no amulet)
HPRegen  0.00/turn              z - ring of resist corrosion
MPRegen  0.11/turn              (no ring)

@: lightly drained
A: damage resistance, heal wounds, sense surroundings 1, no regeneration
a: Heal Wounds


You were on level 5 of the Dungeon.
You visited 1 branch of the dungeon, and saw 6 of its levels.

You collected 115 gold pieces.

Inventory:

Hand Weapons
 b - a +0 club
 n - a +3 dagger
 q - a +2 hand axe of electrocution (weapon)
Missiles
 f - 49 poisoned darts
 A - 5 atropa-tipped darts
Armour
 a - a +0 robe (worn)
 h - a +4 ring mail
 s - a +0 cloak (worn)
 v - a +0 buckler
Jewellery
 z - a ring of resist corrosion (left hand)
Wands
 r - a wand of digging (8)
Scrolls
 e - a scroll of magic mapping {unknown}
 g - a scroll of amnesia {unknown}
 i - a scroll of immolation {unknown}
 k - a scroll of summoning {unknown}
 l - 2 scrolls of teleportation {unknown}
 m - a scroll of brand weapon {unknown}
 p - a scroll of torment {unknown}
 t - 2 scrolls of identify {unknown}
 x - a scroll of fog {unknown}
 y - 3 scrolls of noise {unknown}
 B - a scroll of vulnerability {unknown}
Potions
 c - 3 potions of heal wounds {unknown}
 d - 2 potions of curing
 j - 2 potions of cancellation {unknown}
 o - a potion of might
 u - 3 potions of brilliance {unknown}
 w - a potion of degeneration {unknown}


   Skills:
 + Level 1.3 Fighting
 + Level 1.2 Axes
 + Level 2.2 Armour
 - Level 2.1 Dodging
 - Level 2.4 Stealth
 + Level 1.2 Shields
 * Level 3.1 Spellcasting
 + Level 1.1 Conjurations
 - Level 2.0 Transmutations
 + Level 0.5 Air Magic
 * Level 3.7 Poison Magic


You had 5 spell levels left.
You knew the following spells:

 Your Spells              Type           Power      Damage    Failure   Level
a - Sting                 Tmut/Pois      48%        1d5       5%          1
b - Poisonous Vapours     Pois/Air       20%        N/A       11%         2
c - Mephitic Cloud        Conj/Pois/Air  8%         N/A       24%         3

Your spell library contained the following spells:

 Spells                   Type           Power      Damage    Failure   Level
 Olgreb's Toxic Radiance  Pois           15%        N/A       36%         4
 Gell's Gravitas          Tloc           1%         N/A       45%         3
 Lesser Beckoning         Tloc           1%         N/A       45%         3
 Ozocubu's Armour         Ice            2%         N/A       45%         3
 Teleport Other           Tloc           2%         N/A       45%         3
 Ozocubu's Refrigeration  Ice            1%         4d5       100%        7


Dungeon Overview and Level Annotations

Branches:
Dungeon (6/15)
 Temple: D:4-7

Altars:
Uskayaw


Innate Abilities, Weirdness & Mutations

You are resistant to damage.
You can heal yourself by infusing magical energy.
You passively map a small area around you.
You do not regenerate.


Message History

Unknown command.
Okay, then.
Aiming: Dig
Press: ? - help, Shift-Dir - straight line A rock wall.
The rock shatters into small pieces.
The wight hits you with a +0 short sword!
* * * LOW HITPOINT WARNING * * *
The steam dragon bites you!
* * * LOW HITPOINT WARNING * * *
The steam dragon completely misses you.
The wight hits you with a +2 long sword.
* * * LOW HITPOINT WARNING * * *
You feel drained.
* * * LOW HITPOINT WARNING * * *
The hound bites you. The orc hits you with a +4 mace. The hound misses you.
The hound barely misses you.
Okay, then.
You fail to use your ability.
The wight hits you with a +0 short sword.
You fail to use your ability.
The wight barely misses you.
Unknown command.
You feel much better. The wight misses you.
Casting: Sting (safe; 5% risk of failure)
Confirm with . or Enter, or press ? or * to list all spells.
Okay, then.
The steam dragon breathes steam at you. The ball of steam hits you!!
* * * LOW HITPOINT WARNING * * *
The wight closely misses you.
You see here 18 gold pieces.
The wight is engulfed in a cloud of scalding steam.
The wight is engulfed in a cloud of scalding steam.
Unknown command.
The wight is engulfed in a cloud of scalding steam.
There is a stone staircase leading up here.
You climb upwards.
The jelly hits you.
You are splashed with acid.
You resist.
* * * LOW HITPOINT WARNING * * *
The wight hits you with a +1 battleaxe!
You die...

#..z..#..##.#
#.......#
#....z##.##.#
#.......# # *
#..... #.z#.#
#.......# # ,
#.....*##z#.#
#.......# # *
##.### #.#.#
* , ,* # ,
#####...### ,
,, #
...........#
* # *
*#######zJ#.#
# ,
......z@#.# #
, #########.#
# * , #.# #
#.# # #.# #
#.# # #.# #
#.# # #.# #


You could see a jelly and 4 wights.

Vanquished Creatures
  A scorpion (D:4)
  4 hounds
  A jelly (D:3)
  Terence (D:3)
  A hound skeleton (D:4)
  5 adders
  An adder skeleton (D:4)
  A worm (D:2)
  2 dart slugs
  13 orcs
  6 endoplasms
  8 goblins
  3 hobgoblins
  4 jackals (D:2)
  5 kobolds
  5 quokkas
  2 ball pythons
  3 bats
  3 frilled lizards
  2 rats (D:2)
71 creatures vanquished.

Notes
Turn   | Place    | Note
-------+----------+-------------------------------------------
     0 | D:1      | Illumine the Deep Dwarf Venom Mage began the quest for the
                  | Orb.
     0 | D:1      | Reached XP level 1. HP: 15/15 MP: 3/3
     2 | D:1      | Noticed a merfolk
     2 | D:1      | Noticed a naga
     4 | D:1      | Noticed a demigod
     4 | D:1      | Noticed an ogre
     6 | D:1      | Noticed a formicid
     6 | D:1      | Noticed a troll
     8 | D:1      | Noticed a minotaur
     8 | D:1      | Noticed an elf
    10 | D:1      | Noticed a vampire
    10 | D:1      | Noticed a draconian
    12 | D:1      | Noticed a ghoul
    12 | D:1      | Noticed an octopode
    14 | D:1      | Noticed a gargoyle
    16 | D:1      | Noticed a spriggan
    16 | D:1      | Noticed a palentonga
    18 | D:1      | Noticed a barachi
    20 | D:1      | Noticed a human
    20 | D:1      | Noticed a dwarf
    22 | D:1      | Noticed a vine stalker
    22 | D:1      | Noticed a djinni
    24 | D:1      | Noticed a felid
    26 | D:1      | Noticed a tengu
    26 | D:1      | Noticed a demonspawn
   192 | D:1      | Reached skill level 1 in Transmutations
   521 | D:1      | Reached XP level 2. HP: 16/22 MP: 3/5
  1335 | D:2      | Reached skill level 1 in Armour
  1484 | D:2      | Reached XP level 3. HP: 25/28 MP: 2/6
  2120 | D:3      | Found a hide-covered altar of Uskayaw.
  2127 | D:3      | Noticed Terence
  2169 | D:3      | Killed Terence
  2170 | D:3      | Reached XP level 4. HP: 23/36 MP: 1/7
  2450 | D:3      | Learned a level 2 spell: Poisonous Vapours
  2454 | D:3      | Learned a level 3 spell: Mephitic Cloud
  3222 | D:4      | Reached XP level 5. HP: 26/43 MP: 4/8
  3304 | D:4      | Reached skill level 1 in Fighting
  3824 | D:4      | Reached skill level 1 in Axes
  3824 | D:4      | Reached XP level 6. HP: 27/51 MP: 2/8
  3974 | D:5      | Entered Level 5 of the Dungeon
  4020 | D:5      | Reached skill level 1 in Shields
  4020 | D:5      | Reached skill level 1 in Conjurations
  4371 | D:6      | Noticed a steam dragon
  4401 | D:5      | Mangled by a wight

Illustrated notes

Levels and vault maps discovered:
D:1:      kb_arrival_jail, layout_basic
D:2:      layout_loops_ring
D:3:      layout_basic, mainiacjoe_overflow_tiny_flanked,
          hangedman_decor_points, uniq_terence
D:4:      layout_loops_ring
D:5:      layout_basic
D:6:      layout_layer_cave, kennysheep_mini, temple_statues

Skill      XL: |  1  2  3  4  5  6 |
---------------+-------------------+-----
Transmutations | 1 2 |  2.0
Spellcasting   | 2 3 |  3.1
Armour         | 1 2 |  2.2
Poison Magic   | 3 |  3.7
Fighting       | 1 |  1.3
Axes           | 1 |  1.2
Shields        | 1 |  1.2
Conjurations   | 1 |  1.1
Dodging        | |  2.1
Stealth        | |  2.4
Air Magic      | |  0.5

Action                   |  1- 3 |  4- 6 || total
-------------------------+-------+-------++-------
Melee: Club              |    17 |       ||    17
       Dagger            |     1 |       ||     1
       Hand axe          |       |    45 ||    45
 Cast: Sting             |    57 |    64 ||   121
       Poisonous Vapours |       |     5 ||     5
 Abil: Heal Wounds       |     1 |     4 ||     5
Evoke: Wand              |       |     1 ||     1
 Stab: Sleeping          |     1 |       ||     1
Armor: Robe              |     8 |    21 ||    29
Dodge: Dodged            |    22 |    65 ||    87
